 Dungeon Crawl Stone Soup version 0.30-a0-1008-g30c9307041 (webtiles) character file.

Game seed: 5151526937188274839

30 drovix the Insei (level 3, -1/23 HPs)
             Began as an Octopode Transmuter on Apr 5, 2023.
             Slain by a kobold
             ... wielding a +0 short sword of electrocution
              (5 damage)
             ... on level 1 of the Dungeon.
             The game lasted 00:08:42 (830 turns).

drovix the Insei (Octopode Transmuter)               Turns: 830, Time: 00:08:43

Health: -1/23      AC:  1    Str:  9    XL:     3   Next: 20%
Magic:  6/6        EV: 13    Int: 17    God:
Gold:   14         SH:  0    Dex: 12    Spells: 5/6 levels left

rFire   + . .      SeeInvis .      - Unarmed
rCold   . . .      Faith    .    (no shield)
rNeg    . . .      Spirit   .    (helmet currently unavailable)
rPois   .          Reflect  .    (no amulet)
rElec   .          Rampage  .    F - ring of protection from fire
rCorr   .                        (no ring)
Will    .....                    (no ring)
Stlth   ++                       (no ring)
HPRegen 0.23/turn                (no ring)
MPRegen 0.10/turn                (no ring)
                                 (no ring)
                                 (no ring)

@: appendages (expiring)
A: tentacle spike 3, almost no armour, amphibious, 8 rings, camouflage 1,
gelatinous body 1, (nimble swimmer 1), tentacles
a: End Transformation


You were on level 1 of the Dungeon.
One of your tentacles had grown a beastly spike.
You visited 1 branch of the dungeon, and saw 2 of its levels.

You collected 14 gold pieces.


Innate Abilities, Weirdness & Mutations

One of your tentacles has grown a beastly spike.
You cannot wear most types of armour.
You are amphibious.
You can wear up to eight rings at the same time.
Your skin changes colour to match your surroundings (Stealth+).
Your rubbery body absorbs attacks. (AC +1, EV +1)
((You are camouflaged when in or above water. (Stealth+)))
You have tentacles for arms and can constrict up to eight enemies at once.


   Skills:
 - Level 1.0 Fighting
 - Level 2.1 Dodging
 + Level 0.8 Stealth
 - Level 3.7 Unarmed Combat
 + Level 2.2 Spellcasting
 + Level 2.3 Transmutations


You had 5 spell levels left.
You knew the following spells:

 Your Spells              Type           Power      Damage    Failure   Level
a - Beastly Appendage     Tmut           18%        N/A       8%          1

Your spell library contained the following spells:

 Spells                   Type           Power      Damage    Failure   Level
 Wereblood                Tmut           9%         N/A       11%         2
 Lesser Beckoning         Tloc           2%         N/A       28%         2
 Spider Form              Tmut/Pois      5%         N/A       34%         3
 Gell's Gravitas          Tloc           1%         N/A       50%         3
 Teleport Other           Tloc           1%         N/A       50%         3
 Ice Form                 Ice/Tmut       5%         N/A       75%         4

Inventory:

Missiles
 b - 5 stones
Magical Staves
 i - a staff of poison {!a}
   (You found it on level 1 of the Dungeon)
Jewellery
 F - a ring of protection from fire (left tentacle)
   (You found it on level 1 of the Dungeon)
Scrolls
 c - 2 scrolls of immolation {unknown}
 d - a scroll of enchant weapon {unknown}
 g - 2 scrolls of fog {unknown}
 j - a scroll of amnesia {unknown}
Potions
 a - a potion of lignification {!q}
 e - 4 potions of curing {unknown}
 f - a potion of degeneration {unknown}
 h - a potion of heal wounds {unknown}

Dungeon Overview and Level Annotations

Branches:
Dungeon (2/15) Zot: 11173

Altars:

### ####### ..# #.....#
#.#############.....#####
................@K.....>#
#.#############.....###.#
#'## #.....###.# ...#
########.....##..# ...#
#......#........## ...#
#......####...### ...#
#......# ##..## ...#
#......# #...# ...#
#......# #..##########


You could see a kobold.


Message History

You are frozen.
AITE HP[-4]
You take 4 damage, and now have 19/23 hp.
You tentacle-slap the endoplasm but do no damage.
You tentacle-slap the endoplasm.
You kill the endoplasm!
AITE HP[+1] AITE HP[+1]
You see here a +0 ring mail.
You see here a +0 ring mail.
There is an open door here.
You see here a bat corpse.
Things that are here:
a +0 dagger; a goblin skeleton A rat comes into view.
FULL HP[+2]
Your hp is fully restored (23).
The rat bites you but does no damage.
You closely miss the rat. You grab the rat. You constrict the rat.
The rat barely misses you.
You tentacle-slap the rat.
You kill the rat!
You see here a bat skeleton.
You enter the deep water.
You see here a +0 ring mail.
You enter the deep water.
You enter the shallow water.
There is an open door here.
A hobgoblin comes into view.
The hobgoblin shouts!
You see here a scroll labelled QYPRAKH FATISK.
Casting: Beastly Appendage (safe; 8% risk of failure)
Press: ? - help, Q - select action, (/) - cycle Dir - look around, f - activate
Okay, then.
j - a scroll labelled QYPRAKH FATISK The hobgoblin hits you.
AITE HP[-5]
You take 5 damage, and now have 18/23 hp.
MASSIVE DAMAGE!! (PAUSE)
You tentacle-slap the hobgoblin. You grab the hobgoblin.
You constrict the hobgoblin, but do no damage.
The hobgoblin barely misses you.
You tentacle-slap the hobgoblin.
You kill the hobgoblin!
AITE HP[+1]
A bat comes into view.
FULL HP[+4]
Your hp is fully restored (23).
A bat is nearby!
You closely miss the bat. You grab the bat.
Your tentacle-slap misses the bat.
You constrict the bat. The bat hits you but does no damage.
The bat struggles to escape constriction.
The bat escapes!
The bat hits you but does no damage. The bat misses you.
You tentacle-slap the bat but do no damage.
You grab the bat. You constrict the bat.
You kill the bat!
Done exploring.
There is a stone staircase leading down here.
Unknown command.
You climb downwards.
There is a stone staircase leading up here.
A kobold is nearby!
Casting: Beastly Appendage (safe; 8% risk of failure)
Confirm with . or Enter, or press ? or * to list all spells.
One of your tentacles grows a vicious spike.
FULL MP[-1]
You lost 1 mp, and now have 5/6 mp.
A bat comes into view.
The kobold hits you with a +0 short sword of electrocution.
You are electrocuted!!
Ouch! That really hurt!
* * * LOW HITPOINT WARNING * * *
LOW HP[-19]
You take 19 damage, and now have 4/23 hp.
MASSIVE DAMAGE!! (PAUSE) Unknown command.
Press: ? - help, v - describe, . - travel
Here: a kobold, wielding a +0 short sword of electrocution The floor.
LOW HP[+1] LOW MP[+1]
Your mp is fully restored (6).
The kobold attacks as you move away! The kobold misses you.
There is a stone staircase leading up here.
The kobold hits you with a +0 short sword of electrocution.
* * * LOW HITPOINT WARNING * * *
You climb upwards.
There is a stone staircase leading down here.
LOW HP[-3]
You take 3 damage, and now have 2/23 hp.
The kobold misses you.
Your transformation is almost over.
LOW HP[+1]
The kobold attacks as you move away! The kobold closely misses you.
The kobold attacks as you move away! The kobold misses you.
LOW HP[+1]
The kobold attacks as you move away!
The kobold hits you with a +0 short sword of electrocution.
You die...

Action                     || total
---------------------------++-------
  Melee: Unarmed           ||    52
         Constrict         ||    19
         Tentacles         ||     5
         Kick              ||    10
         Punch             ||     1
   Cast: Beastly Appendage ||    10
   Stab: Sleeping          ||     4
 Armour: Skin              ||     9
  Dodge: Dodged            ||    33

Levels and vault maps discovered:
D:1:      saegor_arrival_under_anarchy, layout_basic
D:2:      layout_loops_ring, hellmonk_ecumenical_altar_slurped_away, basic_altar

Notes
Turn   | Place    | Note
-------+----------+-------------------------------------------
     0 | D:1      | drovix the Octopode Transmuter began the quest for the Orb.
     0 | D:1      | Reached XP level 1. HP: 13/13 MP: 3/3
    32 | D:1      | magus.rc [v1.11.4]
   145 | D:1      | Reached XP level 2. HP: 13/18 MP: 3/5
   283 | D:1      | magus.rc [v1.11.4]
   430 | D:1      | You pick up a book of Displacement and begin reading...
   430 | D:1      | You add the spells Lesser Beckoning, Gell's Gravitas and
                  | Teleport Other to your library.
   468 | D:1      | Reached XP level 3. HP: 20/23 MP: 4/6
   815 | D:2      | HP: 4/23 [kobold/+0 short sword of electrocution (18)]
   821 | D:2      | HP: 2/23 [kobold/+0 short sword of electrocution (4)]
   830 | D:1      | Slain by a kobold

Vanquished Creatures
  A dart slug (D:1)
  6 ball pythons (D:1)
  2 endoplasms (D:1)
  2 giant cockroaches (D:1)
  2 goblins (D:1)
  3 hobgoblins (D:1)
  2 jackals (D:1)
  A quokka (D:1)
  5 bats (D:1)
  A frilled lizard (D:1)
  A rat (D:1)
26 creatures vanquished.

Table legend:
 A = Non-vault XP
 B = Vault XP
 C = Vault XP percentage of total XP
 D = Non-vault monster count
 E = Vault monster count
 F = Vault count percentage of total count
                 A         B        C        D         E       F
            +---------+---------+-------+---------+---------+-------
      Total |      44 |       0 |   0.0 |      26 |       0 |   0.0
            +---------+---------+-------+---------+---------+-------
        D:1 |      44 |       0 |   0.0 |      26 |       0 |   0.0
            +---------+---------+-------+---------+---------+-------

Illustrated notes

Table legend:
 A = Kills in this place as a percentage of kills in the entire game.
 B = Kills by you in this place as a percentage of kills by you in the entire game.
 C = Kills by friends in this place as a percentage of kills by friends in the entire game.
 D = Other kills in this place as a percentage of other kills in the entire game.
 E = Experience gained in this place as a percentage of experience gained in the entire game.
 F = Experience gained in this place divided by the number of levels of this place that you have seen.
                   A       B       C       D       E      F
               +-------+-------+-------+-------+-------+----------------------
         Total | 100.0 | 100.0 |   N/A |   N/A | 100.0 |  22.0
       Dungeon | 100.0 | 100.0 |   N/A |   N/A | 100.0 |  22.0
               +-------+-------+-------+-------+-------+----------------------

Table legend: (Time is in decaauts)
 A = Elapsed time spent in this place.
 B = Non-inter-level travel time spent in this place.
 C = Inter-level travel time spent in this place.
 D = Time resting spent in this place.
 E = Time spent auto-exploring this place.
 F = Levels seen in this place.
 G = Mean time per level.
                   A        B        C        D        E       F      G
               +--------+--------+--------+--------+--------+-----+--------+
         Total |    826 |    785 |     41 |      0 |    558 |   2 |  413.0 |
       Dungeon |    826 |    785 |     41 |      0 |    558 |   2 |  413.0 |
               +--------+--------+--------+--------+--------+-----+--------+

Top non-repeatable levels by time:
     D:1: 814 daAuts
     D:2: 12 daAuts
